 Dungeon Crawl Stone Soup version 0.28-b1-70-g80dc712255 (webtiles) character file.

Game seed: 12818120233681757259

223 croobank the Charlatan (level 6, -7/30 HPs)
             Began as a Vine Stalker Artificer on Feb 3, 2022.
             Killed from afar by a gnoll (12 damage)
             ... with a bolt of acid
             ... on level 4 of the Dungeon on Feb 4, 2022.
             The game lasted 00:09:17 (3117 turns).

croobank the Charlatan (Vine Stalker Artificer)     Turns: 3117, Time: 00:09:17

Health: -7/30      AC:  6    Str: 15    XL:     6   Next: 0%
Magic:  0/16       EV: 11    Int: 13    God:
Gold:   11         SH:  0    Dex: 14    Spells: 5/5 levels left

rFire   . . .      SeeInvis .   a - +5 short sword (venom)
rCold   . . .      Faith    .   (no shield)
rNeg    . . .      Spirit   +   n - +0 ring mail
rPois   +          Reflect  .   y - +1 hat
rElec   .          Harm     .   (no cloak)
rCorr   .          Rampage  .   (no gloves)
Will    .....                   (no boots)
Stlth   +.........              (no amulet)
HPRegen 0.90/turn               k - ring of poison resistance
MPRegen 0.15/turn               h - ring of magical power

@: no status effects
A: fangs 2, regeneration 1, magic shield, antimagic bite, no potion heal 2
a: no special abilities


You were on level 4 of the Dungeon.
You visited 1 branch of the dungeon, and saw 4 of its levels.

You collected 86 gold pieces.
You spent 75 gold pieces at shops.

Inventory:

Hand Weapons
 a - a +5 short sword of venom (weapon)
 b - a +0 hunting sling
 f - a +0 club
 E - a +0 giant club
Missiles
 i - 87 arrows
 p - 21 stones
 q - 8 bolts
 s - 38 sling bullets
 x - 5 curare-tipped darts (quivered)
 D - 6 javelins
Armour
 n - a +0 ring mail (worn)
 y - a +1 hat (worn)
 B - a +0 leather armour
Jewellery
 h - a ring of magical power (right hand)
 k - a ring of poison resistance (left hand)
Wands
 c - a wand of flame (15)
 d - a wand of charming (15)
Scrolls
 g - a scroll of teleportation
 v - a scroll of summoning {unknown}
 w - a scroll of magic mapping {unknown}
 A - a scroll of noise {unknown}
Potions
 j - a potion of brilliance
 l - a potion of berserk rage
 m - a potion of ambrosia {unknown}
 o - a potion of flight {unknown}
 r - a potion of heal wounds {unknown}
 t - a potion of haste {unknown}
 u - 2 potions of degeneration {unknown}
 z - a potion of magic {unknown}
 C - a potion of invisibility
Miscellaneous
 e - a piece from Xom's chessboard (15/15)


   Skills:
 + Level 1.5 Fighting
 + Level 2.1 Short Blades
 + Level 0.8 Maces & Flails
 + Level 0.1 Throwing
 + Level 2.7 Armour
 + Level 1.5 Dodging
 + Level 2.3 Stealth
 + Level 3.6 Evocations


You had 5 spell levels left.
You didn't know any spells.
Your spell library contained the following spells:

 Spells                   Type           Power      Damage    Failure   Level
 Tukima's Dance           Hex            0%         N/A       87%         3
 Anguish                  Hex/Necr       0%         N/A       99%         4
 Enfeeble                 Hex            0%         N/A       100%        7


Dungeon Overview and Level Annotations

Branches:
Dungeon (4/15)
 Temple: D:4-7

Altars:
Wu Jian
Zin

Shops:
D:1 *   D:3 ?   D:4 ?


Innate Abilities, Weirdness & Mutations

You have extremely sharp teeth.
Your natural rate of healing is unusually fast.
When hurt, damage is shared between your health and your magic reserves.
Your bite disrupts and absorbs the magic of your enemies.
Potions cannot restore your health.


Message History

A gnoll comes into view. It is wielding a +0 flail.
The goblin unwields a +0 hunting sling.
The goblin wields a +0 dagger.
The goblin barely misses you.
You see here a curare-tipped dart.
The gnoll throws a stone.
The stone closely misses you.
The stone misses the goblin.
An orc comes into view. It is wielding a +0 flail.
The orc shouts!
The goblin hits you with a +0 dagger.
You barely miss the goblin. You bite the goblin. You drain its power.
You feel invigorated.
The goblin is severely wounded.
The goblin hits you but does no damage.
You hit the goblin.
You kill the goblin!
You have reached level 6!
The gnoll throws a stone.
The stone barely misses you.
You see here a curare-tipped dart.
The gnoll throws a stone.
The stone closely misses you.
Things that are here:
a +0 whip; a +0 club; a gnoll corpse
x - 3 curare-tipped darts (gained 2)
x - 4 curare-tipped darts (gained 1)
You see here a +0 giant club.
E - a +0 giant club The gnoll throws a stone.
The stone hits you.
Things that are here:
a +0 whip; a +0 club; a gnoll corpse You see here a curare-tipped dart.
x - 5 curare-tipped darts (gained 1)
The gnoll zaps a wand.
The bolt of acid hits you!!!
Ouch! That really hurt!
* * * LOW HITPOINT WARNING * * *
Found a glowing silver altar of Zin.
The gnoll throws a stone.
The stone barely misses you.
The gnoll zaps a wand.
The bolt of acid misses you.
The gnoll throws a stone.
The stone misses you.
The orc suddenly curses.
The gnoll zaps a wand.
The bolt of acid hits you!
You die...

.#......#..#### #.
........#.....###### #.
...........<..'....# #.
..............####.# #.
................##.# #.
.........######.##.#####.
.......))# #.#........
.........## #.#..######
...)....@.# #.#..#.....
####......# #.#..#.###.
#.>....# #.#..# #.
#...........#.#..#####.
#.≈≈≈≈≈≈≈≈≈.#.#........
...≈..ggo..≈.# #########
##.≈.###.#.≈.# ......'
#.≈. ..#...# ####### #.≈.
_.#.≈.# #


You could see 2 gnolls and an orc.

Vanquished Creatures
  An ogre (D:4)
  A hound (D:4)
  2 gnolls (D:4)
  3 adders
  2 worms (D:2)
  An orc (D:3)
  5 endoplasms
  3 giant cockroaches
  5 goblins
  A hobgoblin (D:2)
  3 jackals (D:3)
  7 kobolds
  A quokka (D:2)
  6 ball pythons
  7 bats
  4 frilled lizards (D:1)
  5 rats
57 creatures vanquished.

Notes
Turn   | Place    | Note
-------+----------+-------------------------------------------
     0 | D:1      | croobank the Vine Stalker Artificer began the quest for the
                  | Orb.
     0 | D:1      | Reached XP level 1. HP: 9/9 MP: 2/2
   258 | D:1      | Reached skill level 3 in Evocations
   295 | D:1      | Found Fefeus Elai's Assorted Antiques.
   307 | D:1      | Reached XP level 2. HP: 3/14 MP: 0/3
  1045 | D:2      | Reached XP level 3. HP: 17/17 MP: 4/4
  1074 | D:2      | Reached skill level 1 in Dodging
  1614 | D:1      | Reached skill level 1 in Fighting
  1930 | D:2      | Gained mutation: Your natural rate of healing is unusually
                  | fast. [Vine Stalker growth]
  1930 | D:2      | Reached XP level 4. HP: 22/22 MP: 5/5
  2104 | D:2      | You fall into a shaft and drop 2 floors!
  2343 | D:3      | Found an ornate altar of the Wu Jian Council.
  2486 | D:2      | Found a faded altar of an unknown god.
  2617 | D:3      | Found Deusoopp's Magic Scroll Boutique.
  2646 | D:3      | Reached skill level 1 in Short Blades
  2662 | D:3      | Bought a scroll of enchant weapon for 75 gold pieces
  2958 | D:4      | Found Luykka's Magic Scroll Emporium.
  2986 | D:4      | Reached XP level 5. HP: 21/25 MP: 6/6
  3078 | D:4      | Noticed an ogre
  3083 | D:4      | Killed an ogre
  3102 | D:4      | Reached XP level 6. HP: 30/30 MP: 7/7
  3115 | D:4      | Found a glowing silver altar of Zin.
  3117 | D:4      | Killed from afar by a gnoll

Illustrated notes

Levels and vault maps discovered:
D:1:      noname_arrival_rooms_in_the_neighbourhood, layout_basic, serial_shops,
          nicolae_shop_crystal, minmay_misc_feat_square, minmay_box_of_dots
D:2:      layout_basic, hellmonk_ecumenical_altar_leap_of_faith
D:3:      layout_rooms, pdpol_wu_jian_five_deadly_venoms, serial_shops, shop
D:4:      layout_basic, general_overflow_altar, mainiacjoe_overflow_brackets,
          serial_shops, nicolae_shop_hallway_stairs

Skill      XL: |  1  2  3  4  5 |
---------------+----------------+-----
Evocations     | 3 |  3.6
Dodging        | 1 |  1.5
Fighting       | 1 |  1.5
Armour         | 2 |  2.7
Short Blades   | 1 2 |  2.1
Stealth        | 2 |  2.3
Maces & Flails | |  0.8
Throwing       | |  0.1

Action                   |  1- 3 |  4- 6 || total
-------------------------+-------+-------++-------
Melee: Short sword       |    77 |    44 ||   121
       Club              |     3 |       ||     3
       Bite              |    14 |    10 ||    24
Throw: Dart              |       |     4 ||     4
  Use: Scroll            |     5 |     2 ||     7
 Stab: Sleeping          |     2 |       ||     2
Armor: Leather armour    |     9 |       ||     9
       Ring mail         |    28 |    14 ||    42
Dodge: Dodged            |    41 |    29 ||    70
